 Dungeon Crawl Stone Soup version 0.28-a0-793-g31680bbd8b (webtiles) character file.

Game seed: 6748282768053784026

159 spiderkeys the Ducker (level 5, 0/25 HPs)
             Began as a Felid Abyssal Knight on Nov 4, 2021.
             Was a Priest of Lugonu.
             Slain by Ijyb (1 damage)
             ... on level 3 of the Dungeon.
             The game lasted 00:12:07 (5671 turns).

spiderkeys the Ducker (Felid Abyssal Knight)        Turns: 5671, Time: 00:12:07

Health: 0/25       AC:  2    Str:  9    XL:     5   Next: 17%
Magic:  8/8        EV: 22    Int: 12    God:    Lugonu [***...]
Gold:   115        SH:  0    Dex: 26    Spells: 2/4 levels left
                                        Lives:  0   Deaths: 2

rFire   . . .      SeeInvis +     - Unarmed
rCold   + . .      Faith    .   (shield unavailable)
rNeg    . . .      Spirit   .   (armour unavailable)
rPois   .          Reflect  .   (helmet unavailable)
rElec   .          Harm     .   (cloak unavailable)
rCorr   .          Rampage  .   (gloves unavailable)
Will    .....                   (boots unavailable)
Stlth   ++........              (no amulet)
HPRegen 0.08/turn               C - ring of protection from cold
MPRegen 0.11/turn               D - +6 ring of dexterity

@: quick
A: very small, claws 1, fangs 3, see invisible, speed 1, shaggy fur 2, stealthy
paws, no weapons or thrown items, no armour, multi-lived, agile 1, MP-powered
wands
a: Renounce Religion, Depart the Abyss, Bend Space, Banish


You were on level 3 of the Dungeon.
You worshipped Lugonu.
Lugonu was most pleased with you.
You visited 1 branch of the dungeon, and saw 3 of its levels.
You visited the Abyss 1 time.
You also visited: Sewer.

You collected 115 gold pieces.


Innate Abilities, Weirdness & Mutations

You have sharp claws.
You have razor-sharp teeth.
You have supernaturally acute eyesight. (SInv)
You cover ground quickly. (Speed+)
You are covered in thick fur. (AC +2)
Your paws help you pounce on unaware monsters.
You are incapable of wielding weapons or throwing items.
You cannot wear armour.
You gain extra lives every three experience levels.
You are agile. (Dex +2)
You expend magic power (3 MP) to strengthen your wands.


   Skills:
 + Level 4.5 Fighting
 + Level 5.5 Dodging
 + Level 3.9 Unarmed Combat
 + Level 3.0 Transmutations
 + Level 3.8 Invocations
 - Level 1.2 Evocations


You had 2 spell levels left.
You knew the following spells:

 Your Spells              Type           Power      Damage    Failure   Level
w - Wereblood             Tmut           7%         N/A       14%         2

Your spell library contained the following spells:

 Spells                   Type           Power      Damage    Failure   Level
 Sublimation of Blood     Necr           0%         N/A       45%         2
 Summon Hydra             Summ           0%         N/A       100%        7

Inventory:

Jewellery
 C - a ring of protection from cold (left paw)
   (You found it on level 3 of the Abyss)
 D - a +6 ring of dexterity (right paw)
   (You found it on level 1 of the Dungeon)
Wands
 d - a wand of digging (3)
   (You found it on level 3 of the Abyss)
Scrolls
 a - a scroll of blinking {!r}
 b - a scroll of noise {!r}
 c - 2 scrolls of identify {@r1}
Potions
 f - a potion of attraction {!q}
 g - 2 potions of mutation {!q}

Dungeon Overview and Level Annotations

Branches:
Dungeon (3/15)              Sewer (visited)

Altars:

Shops:
D:1 *

Annotations:
D:3 1 runed translucent door, Ijyb; Leeroy's ghost, amateur DrTm

#.#.#......####.##.#####.#
..........................
...................#########
#.#.###.#######.###........#
........# #.........#.##
#.#.###.###########.###.#.#
#.#.# #.#.........#.# #.#.#
#.#.###.#.####.####.# #.#.#
..........# #..@.#.# #.#.#
###.###.#.# #..g##.# #.#.#
........#.# #...##.# #.#.#
###.......####..†##.# #.#.#
###...###...........# #.#.#
...........>...#.######.#.##
...........................#
###.#.########<#.######.####
#.#.# #.....#†# #.#


You could see Ijyb.


Message History

The ball python hisses angrily.
You scratch Ijyb but do no damage. Ijyb misses you.
You barely miss Ijyb. Ijyb misses you.
A bat comes into view.
You scratch Ijyb but do no damage. Your bite misses Ijyb.
Ijyb completely misses you.
You barely miss Ijyb. The bat completely misses you.
The bat closely misses you. The ball python misses you.
The ball python completely misses you.
Ijyb hits you with a +3 dagger. 😮 HP[-6]
You take 6 damage, and now have 16/29 hp.
MASSIVE DAMAGE!! (PAUSE)
You scratch Ijyb but do no damage. The bat closely misses you.
The ball python completely misses you. The ball python misses you.
Ijyb closely misses you. 😮 HP[+1]
You scratch Ijyb but do no damage. The ball python closely misses you.
The ball python misses you. The bat misses you.
The ball python completely misses you. x2
You barely miss Ijyb. The bat hits you but does no damage.
Ijyb hits you with a +3 dagger.
* * * LOW HITPOINT WARNING * * *
The ball python bites you.
* * * LOW HITPOINT WARNING * * *
The ball python closely misses you.
You scratch Ijyb but do no damage. Ijyb completely misses you.
The bat misses you. The ball python misses you. x2
Unknown command.
You scratch Ijyb but do no damage. The bat hits you but does no damage.
Ijyb screams, "I dance on your bones!" Ijyb closely misses you.
The ball python completely misses you. The ball python grabs you.
The ball python constricts you.
You closely miss Ijyb. The bat hits you but does no damage.
Ijyb barely misses you. The ball python barely misses you.
The ball python constricts you.
You scratch Ijyb but do no damage. Ijyb hits you with a +3 dagger!
* * * LOW HITPOINT WARNING * * *
The ball python bites you but does no damage.
The ball python constricts you.
The bat completely misses you. 😱 HP[-14]
You take 14 damage, and now have 3/29 hp.
MASSIVE DAMAGE!! (PAUSE)
You scratch Ijyb but do no damage. The bat barely misses you.
The ball python misses you. The ball python constricts you.
* * * LOW HITPOINT WARNING * * *
Ijyb hits you with a +3 dagger!
You die...
The ball python closely misses you. The ball python constricts you.
You are now level 5!
You rejoin the land of the living...
Something loses its grip on you. 😎 HP[+22] MP[-1]
You now have 25 max hp (-4).
Your hp is fully restored (25).
There is an escape hatch in the floor here.
Unknown command.
Key pressed, stopping explore.
Key pressed, stopping explore.
Key pressed, stopping explore.
c - 2 scrolls of identify {@r1} (gained 1)
You see here a bat corpse.
A ball python is nearby!
The ball python hisses angrily.
The ball python bites you. The ball python misses you. 😕 HP[-1]
You take 1 damage, and now have 24/25 hp.
You scratch the ball python. You bite the ball python.
You kill the ball python!
Lugonu accepts your kill.
Ijyb zaps a wand.
The mass of ice explodes!
The iceblast engulfs you! You partially resist.
* * * LOW HITPOINT WARNING * * *
😨 HP[-12]
You take 12 damage, and now have 12/25 hp.
MASSIVE DAMAGE!! (PAUSE)
You see here a ball python corpse.
Ijyb hits you with a +3 dagger.
* * * LOW HITPOINT WARNING * * *
😨 HP[-2]
You take 2 damage, and now have 10/25 hp.
Ijyb completely misses you. 😨 HP[+1]
You scratch Ijyb. Ijyb completely misses you.
You closely miss Ijyb. Ijyb completely misses you.
You barely miss Ijyb. You bite Ijyb, but do no damage.
Ijyb hits you with a +3 dagger!
* * * LOW HITPOINT WARNING * * *
😱 HP[-7]
You take 7 damage, and now have 4/25 hp.
MASSIVE DAMAGE!! (PAUSE)
You barely miss Ijyb. Ijyb hits you with a +3 dagger.
* * * LOW HITPOINT WARNING * * *
😱 HP[-3]
You take 3 damage, and now have 1/25 hp.
You scratch Ijyb but do no damage. Ijyb barely misses you.
You claw Ijyb! Ijyb closely misses you.
You scratch Ijyb. Ijyb completely misses you.
You scratch Ijyb but do no damage. Ijyb completely misses you.
You scratch Ijyb but do no damage. Ijyb hits you with a +3 dagger.
You die...

Skill      XL: |  1  2  3  4  5  6  7 |
---------------+----------------------+-----
Invocations    | 2 3 |  3.8
Evocations     | 1 |  1.2
Dodging        | 4 5 |  5.5
Transmutations | 1 2 3 |  3.0
Fighting       | 4 |  4.5
Unarmed Combat | 3 |  3.9

Action                   |  1- 3 |  4- 6 |  7- 9 || total
-------------------------+-------+-------+-------++-------
Melee: Unarmed           |   118 |   176 |    86 ||   380
       Bite              |    12 |    22 |    10 ||    44
       Punch             |     2 |     1 |     2 ||     5
 Cast: Wereblood         |       |     4 |     4 ||     8
Invok: Depart the Abyss  |     1 |       |       ||     1
Evoke: Wand              |     3 |     7 |       ||    10
  Use: Scroll            |     4 |     3 |     1 ||     8
       Potion            |       |     4 |     2 ||     6
 Stab: Sleeping          |    11 |     2 |     1 ||    14
Armor: Skin              |     1 |     9 |     1 ||    11
Dodge: Dodged            |    90 |   171 |    58 ||   319

Levels and vault maps discovered:
D:1:      saegor_arrival_simple_c, layout_basic, serial_shops, shop,
          minmay_misc_feat_tower
D:2:      layout_basic, serial_undead, serial_undead_f, serial_undead_d,
          serial_undead_e, serial_undead_f, serial_undead_b,
          minmay_tiny_reverse_x
D:3:      layout_basic, cheibrodos_sewer_entry_sluice,
          ebering_ghost_inner_flame, ebering_ecumenical_altar_box,
          grunt_decor_arrowhead, uniq_sigmund, uniq_ijyb

Notes
Turn   | Place    | Note
-------+----------+-------------------------------------------
     0 | Abyss:1  | spiderkeys the Felid Abyssal Knight began the quest for the
                  | Orb.
     0 | Abyss:1  | Reached XP level 1. HP: 10/10 MP: 3/3
     0 | Abyss:1  | magus.rc [v1.9.10]
    98 | Abyss:2  | Found a corrupted altar of Lugonu.
   199 | Abyss:3  | Noticed a spatial vortex
   200 | Abyss:3  | Noticed a spatial vortex
   231 | Abyss:3  | Noticed a sixfirhy
   254 | Abyss:3  | Noticed a starcursed mass
   257 | Abyss:3  | Noticed a smoke demon
   258 | D:1      | You pass through the gate.
   258 | D:1      | Escaped the Abyss
   334 | D:1      | HP: 1/10 [quokka (3)]
   749 | D:1      | Reached skill level 2 in Invocations
   749 | D:1      | Reached XP level 2. HP: 14/14 MP: 4/4
   970 | D:1      | Found Qyisof's Assorted Antiques.
   982 | D:1      | Reached * piety under Lugonu
  1312 | D:1      | Reached skill level 1 in Evocations
  1883 | D:2      | Reached XP level 3. HP: 17/17 MP: 5/5
  2077 | D:2      | You pick up a book of Blood and begin reading...
  2077 | D:2      | You add the spells Sublimation of Blood, Wereblood and
                  | Summon Hydra to your library.
  2100 | D:1      | Learned a level 2 spell: Wereblood
  2149 | D:2      | HP: 1/17 [worm (11)]
  2796 | D:2      | Reached skill level 4 in Dodging
  2796 | D:2      | Reached XP level 4. HP: 12/21 MP: 6/6
  3156 | D:2      | Reached skill level 1 in Transmutations
  3592 | D:3      | Noticed Ijyb
  3616 | D:3      | Found a faded altar of an unknown god.
  3662 | D:3      | Reached XP level 5. HP: 12/25 MP: 6/8
  3758 | D:3      | Noticed Sigmund
  3773 | D:3      | Killed Sigmund
  3774 | D:3      | Reached skill level 4 in Fighting
  3774 | D:3      | Reached skill level 3 in Unarmed Combat
  3774 | D:3      | Reached skill level 2 in Transmutations
  3774 | D:3      | Reached skill level 3 in Invocations
  3774 | D:3      | Gained mutation: You are covered in thick fur. (AC +2)
                  | [Felid growth]
  3774 | D:3      | Reached XP level 6. HP: 8/28 MP: 9/9
  3794 | D:3      | HP: 6/28 [orc wizard (3)]
  3831 | D:3      | Reached ** piety under Lugonu
  3873 | D:3      | Found a glowing drain.
  3882 | D:3      | HP: 7/28 [worm (3)]
  3884 | Sewer    | Entered a sewer
  4230 | Sewer    | Gained mutation: You expend magic power (3 MP) to
                  | strengthen your wands. [potion of mutation]
  4230 | Sewer    | Gained mutation: You are agile. (Dex +2) [potion of
                  | mutation]
  4242 | Sewer    | HP: 6/28 [kobold brigand (5)]
  4450 | Sewer    | Reached skill level 5 in Dodging
  4760 | Sewer    | Reached XP level 7. HP: 22/33 MP: 7/10
  5065 | D:3      | Reached skill level 3 in Transmutations
  5171 | D:3      | HP: 8/33 [Ijyb (6)]
  5176 | D:3      | HP: 5/33 [Ijyb (4)]
  5178 | D:3      | HP: 2/33 [Ijyb (3)]
  5189 | D:3      | Slain by Ijyb
  5190 | D:3      | Reached XP level 6. HP: -1/29 MP: 9/9
  5202 | D:3      | Found a runed translucent door.
  5202 | D:3      | Noticed Leeroy's ghost (amateur DrTm)
  5428 | D:3      | Reached *** piety under Lugonu
  5579 | D:3      | HP: 3/29 [Ijyb (8)]
  5580 | D:3      | Slain by Ijyb
  5581 | D:3      | Reached XP level 5. HP: -5/25 MP: 8/8
  5665 | D:3      | HP: 4/25 [Ijyb (7)]
  5666 | D:3      | HP: 1/25 [Ijyb (3)]
  5671 | D:3      | Slain by Ijyb

Vanquished Creatures
  Sigmund (D:3)
  2 kobold brigands (Sewer)
  An iguana (D:3)
  3 orc wizards (D:3)
  4 gnolls (D:2)
  4 adders
  A river rat (Sewer)
  2 adder zombies (D:2)
  4 worms
  3 dart slugs
  6 orcs
  12 bats
  9 endoplasms
  5 goblins
  4 hobgoblins
  4 quokkas
  11 ball pythons
  A ball python zombie (D:2)
  2 frilled lizards
  8 kobolds
  7 rats
94 creatures vanquished.

Vanquished Creatures (others)
  2 withered plants (D:2)
2 creatures vanquished.

Grand Total: 96 creatures vanquished

Table legend:
 A = Non-vault XP
 B = Vault XP
 C = Vault XP percentage of total XP
 D = Non-vault monster count
 E = Vault monster count
 F = Vault count percentage of total count
                 A         B        C        D         E       F
            +---------+---------+-------+---------+---------+-------
      Total |     323 |     518 |  61.6 |      65 |      29 |  30.9
            +---------+---------+-------+---------+---------+-------
        D:1 |      37 |       0 |   0.0 |      19 |       0 |   0.0
        D:2 |     104 |      16 |  13.3 |      21 |       5 |  19.2
        D:3 |     182 |     220 |  54.7 |      25 |       3 |  10.7
      Sewer |       0 |     282 | 100.0 |       0 |      21 | 100.0
            +---------+---------+-------+---------+---------+-------

Illustrated notes

Table legend:
 A = Kills in this place as a percentage of kills in entire the game.
 B = Kills by you in this place as a percentage of kills by you in the entire game.
 C = Kills by friends in this place as a percentage of kills by friends in the entire game.
 D = Other kills in this place as a percentage of other kills in the entire game.
 E = Experience gained in this place as a percentage of experience gained in the entire game.
 F = Experience gained in this place divided by the number of levels of this place that you have seen.
                   A       B       C       D       E      F
               +-------+-------+-------+-------+-------+----------------------
         Total | 100.0 | 100.0 |   N/A |   N/A | 100.0 | 120.1
       Dungeon |  77.7 |  77.7 |   N/A |   N/A |  66.5 | 186.3
         Sewer |  22.3 |  22.3 |   N/A |   N/A |  33.5 | 282.0
               +-------+-------+-------+-------+-------+----------------------

Table legend: (Time is in decaauts)
 A = Elapsed time spent in this place.
 B = Non-inter-level travel time spent in this place.
 C = Inter-level travel time spent in this place.
 D = Time resting spent in this place.
 E = Time spent auto-exploring this place.
 F = Levels seen in this place.
 G = Mean time per level.
                   A        B        C        D        E       F      G
               +--------+--------+--------+--------+--------+-----+--------+
         Total |   5215 |   5167 |     48 |   1357 |   2505 |   7 |  745.0 |
       Dungeon |   3871 |   3823 |     48 |    687 |   2309 |   3 | 1290.3 |
         Abyss |    210 |    210 |      0 |      0 |     96 |   3 |   70.0 |
         Sewer |   1133 |   1133 |      0 |    670 |     99 |   1 | 1133.0 |
               +--------+--------+--------+--------+--------+-----+--------+

Top non-repeatable levels by time:
     D:1: 1876 daAuts
     D:2: 1175 daAuts
   Sewer: 1133 daAuts
     D:3: 819 daAuts
 Abyss:3: 89 daAuts
 Abyss:1: 76 daAuts
 Abyss:2: 45 daAuts
